AoeStats
← Technotronic

Pilgrims

509993006Analyzed
4v4 RM · 3d ago on Sep 29, 2026· 37m 35s· 8 players
Game mode
Random Map
Map size
Large (8 player)
Population
200
Speed
Normal
Resources
Standard
Victory
Conquest
Starting age
Dark Age
Ending age
Imperial Age
RankedLock teamsTeams togetherTeam positionsShared explorationLock speedFull tech treeHidden civsTurbo modeCheats
Victory
Defeat
🇺🇸 Armenians · United States
1311
+15
🇩🇪 Saracens · Germany
1298
+16
🇺🇸 Vietnamese · United States
1293
+16
🇺🇸 Ethiopians · United States
1215
+20
🇦🇷 Romans · Argentina
1353
-19
🇨🇱 Vikings · Chile
1290
-17
🇦🇷 Persians · Argentina
1276
-16
🇨🇱 Varangians · Chile
1252
-15
valentin19
11:02 Feudal Age
10:47 Loom
11:36 Double-Bit Axe
11:36 Fishing Lines
18:07 Castle Age
16:28 Fletching
20:34 Gold Mining
21:12 Horse Collar
21:45 Bow Saw
22:12 Gold Shaft Mining
21:41 Stone Mining
23:20 Forging
26:03 Heavy Plow
31:39 Imperial Age
31:23 Bodkin Arrow
30:51 Crossbowman
32:17 Padded Archer Armor
31:44 Arbalester
32:46 Conscription
33:52 Two-Man Saw
33:15 Leather Archer Armor
33:08 Bracer
34:08 Leather Archer Armor
35:30 Chemistry
34:52 Ballistics
35:59 Ring Archer Armor
35:48 Bogsveigar
37:08 Hoardings
37:36 Masonry
37:32 Siege Engineers
matias98ish
3:57 Loom
13:00 Feudal Age
19:25 Castle Age
18:11 Stone Mining
20:49 Town Watch
24:19 Horse Collar
24:50 Double-Bit Axe
25:50 Heavy Plow
26:55 Gold Mining
29:04 Forging
31:09 Scale Mail Armor
31:59 Arson
32:53 Iron Casting
32:34 Gambesons
34:39 Wheelbarrow
36:24 Chain Mail Armor
37:12 Fletching
Technotronic
10:11 Loom
12:33 Feudal Age
16:37 Castle Age
17:20 Double-Bit Axe
17:27 Horse Collar
21:39 Wheelbarrow
22:02 Heavy Plow
25:19 Town Watch
26:50 Hand Cart
33:17 Imperial Age
30:59 Scale Barding Armor
31:05 Forging
31:47 Bloodlines
31:37 Husbandry
32:31 Chain Barding Armor
33:15 Iron Casting
33:23 Scale Mail Armor
33:09 Cavalier
34:15 Bow Saw
35:01 Conscription
35:33 Plate Barding Armor
34:22 Light Cavalry
36:57 Blast Furnace
36:10 Fletching
el Paly
3:28 Loom
11:44 Feudal Age
16:44 Castle Age
16:25 Horse Collar
19:46 Wheelbarrow
26:25 Double-Bit Axe
28:48 Hand Cart
30:41 Town Watch
33:56 Imperial Age
35:26 Ballistics
36:14 Ballistas
38:46 Imperial Age
Snorkiss89
3:59 Loom
11:24 Feudal Age
16:13 Castle Age
15:33 Double-Bit Axe
15:30 Horse Collar
17:11 Bow Saw
18:05 Heavy Plow
19:52 Town Watch
24:28 Gold Mining
24:36 Stone Mining
27:05 Wheelbarrow
27:36 Hand Cart
31:06 Imperial Age
28:55 Fletching
29:34 Padded Archer Armor
29:42 Bodkin Arrow
30:38 Stone Shaft Mining
29:48 Treadmill Crane
30:32 Leather Archer Armor
30:46 Ballistics
31:53 Bracer
32:54 Chemistry
33:18 Ring Archer Armor
32:57 Thumb Ring
35:23 Siege Engineers
34:40 Elite Rattan Archer
Lion Heart
11:36 Feudal Age
12:18 Double-Bit Axe
12:23 Gold Mining
14:06 Fletching
17:12 Castle Age
17:33 Padded Archer Armor
18:46 Medium Warships
18:44 Bodkin Arrow
20:28 Wheelbarrow
20:04 Bow Saw
20:36 Ballistics
20:08 Fishing Lines
21:33 Gillnets
22:05 Hand Cart
23:54 Loom
25:43 Horse Collar
26:41 Gold Shaft Mining
30:15 Imperial Age
29:11 Scale Mail Armor
29:21 Forging
29:34 Man-at-Arms
30:00 Gambesons
30:16 Squires
30:02 Arson
30:33 Chain Mail Armor
30:17 Long Swordsman
31:34 Iron Casting
32:19 Plate Mail Armor
31:10 Two-Handed Swordsman
32:34 Capped Ram
34:20 Blast Furnace
32:42 Champion
33:34 Stone Mining
33:45 Heavy Plow
34:21 Bracer
34:36 Leather Archer Armor
34:12 Siege Ram
35:30 Pikeman
36:36 Halberdier
37:26 Fereters
37:43 Conscription
37:29 Cilician Fleet
MR.ROBOT
12:53 Feudal Age
15:46 Double-Bit Axe
18:28 Fishing Lines
21:40 Castle Age
23:19 Gillnets
24:17 Wheelbarrow
24:04 Bow Saw
24:52 Town Watch
25:09 Stone Mining
25:10 Gold Mining
29:20 Imperial Age
27:34 Fletching
27:45 Padded Archer Armor
27:08 Crossbowman
29:32 Bodkin Arrow
29:48 Thumb Ring
29:29 Horse Collar
31:06 Leather Archer Armor
30:52 Bracer
31:50 Ballistics
32:30 Chemistry
32:33 Gold Shaft Mining
32:34 Stone Shaft Mining
33:17 Two-Man Saw
31:56 Arbalester
33:04 Conscription
33:47 Ring Archer Armor
34:36 Hand Cart
34:21 Town Patrol
36:14 Loom
pirate.king7
7:36 Loom
9:54 Feudal Age
11:35 Double-Bit Axe
13:28 Fishing Lines
15:05 Fletching
24:53 Castle Age
26:43 Bow Saw
27:51 Wheelbarrow
28:50 Hand Cart
37:10 Imperial Age
37:35 Scale Barding Armor
37:40 Forging
Connection lost

Rejoining the realm…

Still unreachable

The connection could not be restored.

Session expired

The server has moved on; the page needs a fresh start.